 Dungeon Crawl Stone Soup version 0.21-a0-278-ga722497 (webtiles) character file.

482 Cecky the Changer (level 6, 0/47 HPs)
             Began as a Draconian Transmuter on Sept 21, 2017.
             Splashed by a jelly's acid (9 damage)
             ... on level 7 of the Dungeon.
             The game lasted 00:14:48 (5807 turns).

Cecky the Changer (Draconian Transmuter)            Turns: 5807, Time: 00:15:18

Health: 0/47       AC: -2    Str: 12    XL:     6   Next: 87%
Magic:  8/9        EV: 12    Int: 16    God:
Gold:   219        SH:  0    Dex: 11    Spells: 5/9 levels left

rFire    . . .     SeeInvis .     - Unarmed
rCold    . . .     Gourm    .   (no shield)
rNeg     . . .     Faith    .   (armour unavailable)
rPois    .         Spirit   .   (helmet restricted)
rElec    .         Reflect  .   e - scarf {cloud immunity}
rCorr    .         Harm     .   (no gloves)
MR       .....                  (boots currently unavailable)
Stlth    +.........             (no amulet)
HPRegen  0.15/turn              (no ring)
MPRegen  0.11/turn              (no ring)

@: appendage, corroded
A: unfitting armour, talons 3, cold-blooded, AC +6
a: End Transformation


You were on level 7 of the Dungeon.
You were not hungry.
You had grown temporary talons.
You visited 1 branch of the dungeon, and saw 5 of its levels.

You collected 267 gold pieces.
You spent 48 gold pieces at shops.

Inventory:

Missiles
 a - 19 arrows
Armour
 e - a scarf of cloud immunity (worn)
Wands
 l - a wand of iceblast (10/15)
 r - a wand of iceblast (2/15)
 s - a wand of lightning (5/15)
Scrolls
 d - 2 scrolls of identify
 h - 3 scrolls of enchant weapon {unknown}
 i - 2 scrolls of remove curse {unknown}
 k - 2 scrolls of teleportation
 m - a scroll of blinking {unknown}
 o - a scroll of noise {unknown}
Potions
 f - a potion of flight {unknown}
 j - a potion of might
 n - a potion of lignification {unknown}
 q - 2 potions of berserk rage {unknown}
Books
 b - a book of Changes

   Spells                             Type                      Level
   a - Beastly Appendage              Transmutation                1
   b - Sticks to Snakes               Transmutation                2
   c - Spider Form                    Transmutation/Poison         3
   d - Ice Form                       Ice/Transmutation            4
   e - Blade Hands                    Transmutation                5
Comestibles
 c - 3 bread rations
 g - 3 royal jellies
 p - 2 chunks of flesh
 t - a meat ration


   Skills:
 - Level 1.1 Fighting
 - Level 1.7 Dodging
 - Level 5.0 Unarmed Combat
 - Level 2.0 Spellcasting
 + Level 6.2 Transmutations


You had 5 spell levels left.
You knew the following spells:

 Your Spells              Type           Power        Failure   Level  Hunger
a - Beastly Appendage     Tmut           ###...       1%          1    #......
b - Spider Form           Tmut/Pois      ##........   17%         3    ###....


Dungeon Overview and Level Annotations

Branches:
Dungeon (4/15)
 Temple: D:4-7

Altars:
Ashenzari
Fedhas
Trog
Wu Jian
Yredelemnul

Shops:
D:4 ?


Innate Abilities, Weirdness & Mutations

Your plain brown scales are hard. (AC +6)
You cannot fit into any form of body armour.
You are cold-blooded and may be slowed by cold attacks.
You have claws for feet.


Message History

The acid burns!
You hit the jelly but do no damage.
Your hands burn!
You claw the jelly, but do no damage.
The jelly is heavily wounded.
The jelly closely misses you.
You barely miss the jelly.
The jelly is heavily wounded.
You hit the jelly but do no damage. The acid corrodes you!
Your hands burn!
You claw the jelly.
The jelly is heavily wounded.
The jelly hits you.
You are splashed with acid!
The acid burns!
* * * LOW HITPOINT WARNING * * *
You hit the jelly but do no damage.
Your hands burn!
* * * LOW HITPOINT WARNING * * *
You claw the jelly.
The jelly is severely wounded.
The jelly hits you.
* * * LOW HITPOINT WARNING * * *
You are splashed with acid!
The acid burns!
You die...

### #.# #.# #.######.#
#....J@..#######
#.#######........ .# #..######
#..# #.## ...# #. #..... ##..#
.... #. #.... ## #...# ##..
##.##...# #.####...# ###.#
.#.......##.........####...##
.............#####..........###


You could see a jelly.

Vanquished Creatures
  A scorpion (D:7)
  2 hounds (D:4)
  2 orc priests
  2 orc wizards (D:4)
  Jessica (D:3)
  2 worker ants
  3 gnolls (D:3)
  2 adders (D:2)
  An ooze (D:1)
  2 worms (D:3)
  3 dart slugs
  7 leopard geckos
  14 orcs
  A ball python (D:1)
  10 bats
  3 giant cockroaches
  8 goblins
  10 hobgoblins
  7 jackals (D:2)
  7 kobolds
  3 quokkas
  3 frilled lizards
  2 gnoll zombies (D:3)
  A leopard gecko skeleton (D:4)
  7 rats
104 creatures vanquished.

Notes
Turn   | Place    | Note
-------+----------+-------------------------------------------
     0 | D:1      | Cecky the Draconian Transmuter began the quest for the Orb.
     0 | D:1      | Reached XP level 1. HP: 16/16 MP: 3/3
   280 | D:1      | Reached XP level 2. HP: 17/23 MP: 3/5
   964 | D:1      | Reached XP level 3. HP: 23/28 MP: 4/6
  2304 | D:2      | Reached XP level 4. HP: 27/35 MP: 5/7
  2703 | D:3      | Reached skill level 5 in Unarmed Combat
  2869 | D:3      | Reached skill level 3 in Transmutations
  3324 | D:3      | Found a basalt altar of Yredelemnul.
  3503 | D:3      | Reached XP level 5. HP: 40/40 MP: 6/8
  3553 | D:3      | Noticed Jessica
  3559 | D:3      | Killed Jessica
  3559 | D:3      | Reached skill level 4 in Transmutations
  3653 | D:3      | Learned a level 3 spell: Spider Form
  4208 | D:4      | Found Inuawiets's Magic Scroll Shop.
  4228 | D:4      | Bought a scroll of identify for 24 gold pieces
  4228 | D:4      | Bought a scroll of identify for 24 gold pieces
  4263 | D:4      | Reached XP level 6. HP: 41/47 MP: 7/9
  4597 | D:4      | Reached skill level 5 in Transmutations
  5432 | D:4      | Found an ornate altar of the Wu Jian Council.
  5601 | D:4      | You fall through a shaft for 3 floors!
  5614 | D:7      | Reached skill level 6 in Transmutations
  5767 | D:7      | Found a bloodstained altar of Trog.
  5775 | D:7      | Found a blossoming altar of Fedhas.
  5775 | D:7      | Found a shattered altar of Ashenzari.
  5807 | D:7      | Splashed by a jelly's acid

Vault maps used:
D:1:      evilmike_arrival_fibonacci_small
D:2:      cheibrodos_helix_gallery, first_bread
D:3:      lemuel_zombie_altar_yredelemnul, uniq_jessica
D:4:      nicolae_overflow_hidden_temple, serial_shops, shop, grunt_tough_drop
D:7:      grunt_temple_overflow_open

Skill      XL: |  1  2  3  4  5  6 |
---------------+-------------------+-----
Unarmed Combat | 4 5 |  5.0
Transmutations | 3 4 6 |  6.2
Fighting       | |  1.1
Dodging        | |  1.7
Spellcasting   | |  2.0

Action                   |  1- 3 |  4- 6 || total
-------------------------+-------+-------++-------
Melee: Unarmed           |   217 |   246 ||   463
       Tailslap          |    12 |    21 ||    33
       Kick              |     6 |    17 ||    23
       Headbutt          |     6 |    11 ||    17
       Punch             |     1 |     4 ||     5
 Cast: Beastly Appendage |    13 |    19 ||    32
  Use: Scroll            |       |     3 ||     3
       Potion            |       |     4 ||     4
  Eat: Chunk             |     5 |     7 ||    12
       Bread ration      |       |     1 ||     1
Armor: Skin              |    68 |    67 ||   135
Dodge: Dodged            |   134 |   161 ||   295

Table legend:
 A = Spawn XP
 B = Non-spawn XP
 C = Spawn XP percentage of total XP
 D = Spawn monster count
 E = Non-spawn monster count
 F = Spawn count percentage of total count
 G = Total turns spent on level
                    A         B        C        D         E        F      G
               +---------+---------+-------+---------+---------+-------+---------
         Total |       0 |     689 |   0.0 |       0 |     104 |   0.0 |  5807
               +---------+---------+-------+---------+---------+-------+---------
           D:1 |       0 |      53 |   0.0 |       0 |      27 |   0.0 |  1420
           D:2 |       0 |      65 |   0.0 |       0 |      23 |   0.0 |  1252
           D:3 |       0 |     169 |   0.0 |       0 |      27 |   0.0 |  1272
           D:4 |       0 |     292 |   0.0 |       0 |      23 |   0.0 |  1657
           D:7 |       0 |     110 |   0.0 |       0 |       4 |   0.0 |   206
               +---------+---------+-------+---------+---------+-------+---------
